 Dungeon Crawl Stone Soup version 0.27.0-66-gdc8fb28755 (webtiles) character file.

Game seed: 4568756320776064132

3595 SkeletonJelly the Fighter (level 9, 89/89 HPs)
             Began as a Minotaur Fighter on Aug 20, 2021.
             Quit the game on level 7 of the Dungeon.
             The game lasted 00:18:29 (8585 turns).

SkeletonJelly the Fighter (Minotaur Fighter)        Turns: 8585, Time: 00:18:29

Health: 89/89      AC: 11    Str: 29    XL:     9   Next: 85%
Magic:  8/8        EV:  8    Int:  5    God:
Gold:   287        SH: 11    Dex: 11    Spells: 8/8 levels left

rFire    . . .     SeeInvis .   a - +1 war axe
rCold    . . .     Faith    .   c - +1 kite shield
rNeg     . . .     Spirit   .   b - +0 scale mail
rPois    .         Reflect  .   (helmet restricted)
rElec    .         Harm     .   F - +0 cloak
rCorr    .         Rampage  .   (no gloves)
Will     +....                  w - +0 pair of boots
Stlth    ..........             (no amulet)
HPRegen  0.24/turn              j - +6 ring of strength
MPRegen  0.11/turn              s - ring of willpower

@: no status effects
A: horns 2, retaliatory headbutt
a: no special abilities


You were on level 7 of the Dungeon.
You visited 1 branch of the dungeon, and saw 7 of its levels.
You also visited: Ossuary.

You collected 287 gold pieces.

Inventory:

Hand Weapons
 a - a +1 war axe (weapon)
Missiles
 i - 4 javelins (quivered)
 x - 19 poisoned darts
 z - a throwing net
Armour
 b - a +0 scale mail (worn)
 c - a +1 kite shield (worn)
 w - a +0 pair of boots (worn)
 F - a +0 cloak (worn)
Jewellery
 j - a +6 ring of strength (left hand)
 k - a +6 ring of intelligence
 l - a +6 ring of intelligence
 s - a ring of willpower (right hand)
 E - a ring of protection from cold
Wands
 G - a wand of digging (4)
Scrolls
 f - 5 scrolls of vulnerability
 h - 2 scrolls of teleportation
 n - 2 scrolls of magic mapping
 o - 4 scrolls of enchant armour
 v - 3 scrolls of fog
 y - a scroll of summoning {unknown}
 A - 2 scrolls of identify
 D - a scroll of blinking {unknown}
Potions
 d - 4 potions of might
 e - 2 potions of lignification {unknown}
 g - a potion of attraction {unknown}
 m - a potion of cancellation {unknown}
 p - 2 potions of haste {unknown}
 q - a potion of heal wounds
 r - 2 potions of degeneration {unknown}
 t - 4 potions of curing {unknown}
 u - 2 potions of magic {unknown}
 B - 2 potions of flight {unknown}
 C - a potion of brilliance {unknown}


   Skills:
 * Level 11.2 Fighting
 * Level 10.9 Axes
 + Level 8.4 Armour
 - Level 3.6 Shields


You had 8 spell levels left.
You didn't know any spells.
Your spell library contained the following spells:

 Spells                   Type           Power      Damage    Failure   Level
 Apportation              Tloc           0%         N/A       99%         1
 Magic Dart               Conj           0%         1d3       99%         1
 Pain                     Necr           0%         1d4       99%         1
 Call Imp                 Summ           0%         N/A       100%        2
 Mephitic Cloud           Conj/Pois/Air  0%         N/A       100%        3
 Agony                    Necr           0%         N/A       100%        5
 Alistair's Intoxication  Tmut/Pois      0%         N/A       100%        5
 Excruciating Wounds      Necr           0%         N/A       100%        5
 Invisibility             Hex            0%         N/A       100%        6


Dungeon Overview and Level Annotations

Branches:
Dungeon (7/15)             Temple (0/1) D:4         Ossuary (visited)

Altars:
Cheibriados
Elyvilon
Gozag
Makhleb
Qazlal
Sif Muna
Uskayaw
Wu Jian
Xom


Innate Abilities, Weirdness & Mutations

You have a pair of horns on your head.
You reflexively headbutt those who attack you in melee.


Message History

You now have 287 gold pieces (gained 11).
There is a white marble altar of Elyvilon here.
There is a stone staircase leading down here.
You open the door.
A howler monkey zombie comes into view.
The howler monkey zombie hits you.
You slash the howler monkey zombie!
The howler monkey zombie is severely damaged.
You block the howler monkey zombie's attack.
You slash the howler monkey zombie!
You headbutt the howler monkey zombie, but do no damage.
The howler monkey zombie is almost destroyed.
You block the howler monkey zombie's attack.
You hit the howler monkey zombie.
You destroy the howler monkey zombie!
No target in view!
No target in view!
No target in view!
No target in view!
Found a stormy altar of Qazlal.
Key pressed, stopping explore.
Key pressed, stopping explore.
There is an open door here.
Things that are here:
a +0 dagger; a +0 robe; a +0 mace Key pressed, stopping explore.
Things that are here:
a +0 dagger; a +0 robe; a +0 mace
There is an open door here.
There is a stone staircase leading down here.
There is an open door, spattered with blood here.
Things that are here:
a +0 shortbow; 25 arrows
There is an open door here.
Crazy Yiuf shouts!
You see here a +0 mace.
You see here a +2 mace of holy wrath.
Search for what [Enter for "."]? .
Unknown command.
Unknown command.
You open the door. You hit Crazy Yiuf. You headbutt Crazy Yiuf!
Crazy Yiuf is heavily wounded.
Crazy Yiuf hits you with a +4 quarterstaff of chaos!
Crazy Yiuf freezes you.
You slash Crazy Yiuf!
Crazy Yiuf is almost dead.
You block Crazy Yiuf's attack.
You slash Crazy Yiuf!
You kill Crazy Yiuf!
No target in view!
No target in view!
No target in view!
No target in view!
No target in view!
F - a +0 cloak;
G - a wand of digging (4)
B - 2 fuming golden potions (gained 1)
There is an open translucent door here.
Things that are here:
a +4 quarterstaff of chaos; the gnoll corpse of Crazy Yiuf You start putting on your armour.
You continue putting on your +0 cloak. x4
You finish putting on your +0 cloak.
Done exploring.
Done exploring.
Done exploring.
Done exploring.
Done exploring.
Done exploring.
Done exploring.
Search for what [Enter for "."]? .
There is an open translucent door here.
Things that are here:
a +4 quarterstaff of chaos; the gnoll corpse of Crazy Yiuf You see here a +2 mace of holy wrath.
You see here a +0 mace.
There is a stone staircase leading down here.
Search for what [Enter for "."]? .
Unknown command.
Unknown command.
Unknown command.
Unknown command.
Unknown command.
Done exploring.
Search for what [Enter for "."]? .
You climb downwards.
You hear the roar of battle.
There is an entrance to a bailey on this level.
Hurry and find it before the portal closes forever!
Found a robe.
Found a stone staircase leading down.
There is a stone staircase leading up here.
Okay, then.
Unknown command.
You climb upwards.
There is a stone staircase leading down here.
Unknown command.
Unknown command.
You climb downwards.
You hear the roar of battle.
There is an entrance to a bailey on this level.
Hurry and find it before the portal closes forever!
There is a stone staircase leading up here.
Are you sure you want to abandon this character and quit the game? (Confirm with "yes".)

##. [# .. .#
#.###.#
...#.#
##....##
......#
#######.#..#
.......@<..#
....###....#
. #....#
...>.#
##.#..#
#.#..#
.....#
#....#


There were no monsters in sight!

Vanquished Creatures
  Sigmund (D:6)
  3 steam dragons
  An ice beast (D:6)
  A necrophage (D:4)
  2 centaurs
  An ogre (D:6)
  2 phantoms (D:4)
  An elf zombie (D:4)
  A kobold brigand (D:6)
  2 bullfrogs (D:6)
  3 scorpions (D:5)
  A gnoll sergeant (D:5)
  An elf skeleton (D:4)
  3 water moccasin zombies (Ossuary)
  A water moccasin skeleton (D:6)
  5 centaur zombies (Ossuary)
  9 bullfrog zombies
  2 hounds (D:5)
  3 orc priests
  A gnoll shaman (D:5)
  3 jellies
  Crazy Yiuf (D:6)
  3 human skeletons (D:4)
  5 iguanas
  5 orc wizards
  A killer bee zombie (Ossuary)
  A hound skeleton (D:4)
  14 mummies (Ossuary)
  Robin (D:3)
  A howler monkey skeleton (D:4)
  2 howler monkey zombies
  4 adders
  8 gnolls (D:5)
  A shadow imp (D:6)
  2 white imps
  An ufetubus (D:5)
  An adder skeleton (D:4)
  A worm (D:3)
  13 orcs
  3 ball pythons
  6 endoplasms
  4 giant cockroaches
  18 goblins
  9 hobgoblins
  3 jackals
  A quokka (D:2)
  7 bats
  3 frilled lizards
  8 kobolds
  An orc skeleton (D:4)
  3 rats
178 creatures vanquished.

Vanquished Creatures (others)
  A kobold brigand (D:6)
  An adder (D:6)
  An orc (D:6)
  2 kobolds (D:6)
  A plant (D:6)
  7 withered plants (Ossuary)
13 creatures vanquished.

Grand Total: 191 creatures vanquished

Notes
Turn   | Place    | Note
-------+----------+-------------------------------------------
     0 | D:1      | SkeletonJelly the Minotaur Fighter began the quest for the
                  | Orb.
     0 | D:1      | Reached XP level 1. HP: 19/19 MP: 0/0
   220 | D:1      | Reached XP level 2. HP: 25/27 MP: 1/1
   324 | D:1      | Reached skill level 4 in Fighting
   985 | D:2      | Found a faded altar of an unknown god.
   994 | D:2      | Reached XP level 3. HP: 33/33 MP: 2/2
  1688 | D:3      | Reached XP level 4. HP: 28/41 MP: 3/3
  1863 | D:3      | Noticed Robin
  1892 | D:3      | Killed Robin
  1893 | D:3      | Reached skill level 5 in Fighting
  2853 | D:4      | Found an ornate altar of the Wu Jian Council.
  2898 | D:4      | Reached XP level 5. HP: 48/48 MP: 4/4
  3011 | D:4      | Found a staircase to the Ecumenical Temple.
  3085 | D:4      | Reached skill level 5 in Axes
  3085 | D:4      | Reached XP level 6. HP: 39/57 MP: 5/5
  3090 | D:4      | Found a sand-covered staircase.
  3096 | D:4      | Reached skill level 6 in Fighting
  3099 | Ossuary  | Entered an ossuary
  3121 | Ossuary  | Reached skill level 5 in Armour
  3539 | Ossuary  | Reached XP level 7. HP: 51/64 MP: 6/6
  3555 | Ossuary  | Reached skill level 7 in Fighting
  4005 | Ossuary  | Reached XP level 8. HP: 62/74 MP: 7/7
  4084 | Ossuary  | Reached skill level 8 in Fighting
  4527 | D:4      | Reached skill level 9 in Fighting
  4793 | D:4      | Found a shimmering blue altar of Sif Muna.
  5718 | D:5      | Entered Level 5 of the Dungeon
  5744 | D:5      | Found a hide-covered altar of Uskayaw.
  6017 | D:5      | Reached XP level 9. HP: 67/84 MP: 8/8
  6583 | D:5      | Reached skill level 10 in Fighting
  6730 | D:5      | Found a large runed translucent door.
  6736 | D:5      | Found a large runed translucent door.
  6899 | D:5      | Found a burning altar of Makhleb.
  6912 | D:5      | Found a snail-covered altar of Cheibriados.
  6962 | D:6      | Reached skill level 10 in Axes
  7236 | D:6      | Found an opulent altar of Gozag.
  7787 | D:6      | Found a shimmering altar of Xom.
  7846 | D:6      | Reached skill level 11 in Fighting
  8080 | D:6      | Found a runed translucent door.
  8081 | D:6      | Noticed Crazy Yiuf
  8152 | D:6      | Noticed Sigmund
  8157 | D:6      | Killed Sigmund
  8291 | D:6      | Found a white marble altar of Elyvilon.
  8379 | D:6      | Found a stormy altar of Qazlal.
  8497 | D:6      | Killed Crazy Yiuf
  8585 | D:7      | Quit the game

Illustrated notes

Levels and vault maps discovered:
D:1:      shiori_arrival_oz, layout_basic, st_stairs_10
D:2:      minmay_inner_zag, layout_rooms, ebering_ecumenical_altar_abandoned
D:3:      layout_basic, serial_co_window_serial, co_window_of_opportunity_a,
          co_window_paths_a, co_window_corner_a, co_window_of_opportunity_a,
          co_window_corner_a, co_window_corner_a, co_window_broadway_c,
          co_window_broadway_b, co_window_cross_2, co_window_4corner_a,
          glass_columns_b, glass_columns_b, glass_columns_a, uniq_robin
D:4:      minmay_chambers_of_fours, layout_layer_cave, pf_just_have_faith,
          nicolae_wu_jian_wuxing_cycle, minmay_temple_entry_proselytizer,
          nicolae_ossuary_entry_catacombs, st_stairs_10
D:5:      minmay_bubble_buster, layout_basic, eat_drink_and_be_merry_uskayaw,
          jmf_multi_god_temple2
D:6:      layout_basic, grunt_gozag_statues, xom_teletrap_fun,
          nicolae_elyvilon_temple_path, marbit_many_paths, st_stairs_8,
          uniq_crazy_yiuf_cottage, uniq_sigmund
D:7:      layout_basic, lemuel_coloured_pillars_altar, enter_bailey_5

Skill      XL: |  1  2  3  4  5  6  7  8  9 |
---------------+----------------------------+-----
Fighting       | 4 5 6 7 9 11 | 11.2
Axes           | 3 4 5 6 7 9 10 | 10.9
Armour         | 4 5 6 7 8 |  8.4
Shields        | |  3.6

Action                   |  1- 3 |  4- 6 |  7- 9 || total
-------------------------+-------+-------+-------++-------
Melee: War axe           |   111 |    96 |   271 ||   478
       Headbutt          |    12 |    29 |    69 ||   110
  Use: Scroll            |       |    10 |     1 ||    11
       Potion            |       |       |     2 ||     2
Armor: Scale mail        |    68 |    40 |   108 ||   216
Dodge: Dodged            |    50 |    18 |    97 ||   165
Block: Kite shield       |    62 |    52 |   176 ||   290
